 Dungeon Crawl Stone Soup version 0.31.0-1-g2c135a008e (webtiles) character file.

Game seed: 15774235195783170

2596 qw the Skirmisher (level 9, -7/65 HPs)
             Began as a Djinni Hunter on Jan 24, 2024.
             Was a Believer of Okawaru.
             Mangled by Harold
             ... wielding a +4 trident of venom
              (14 damage)
             ... on level 9 of the Dungeon.
             The game lasted 00:00:23 (4227 turns).

qw the Skirmisher (Djinni Hunter)                   Turns: 4227, Time: 00:00:23

Health: -7/65      AC:  5    Str: 12    XL:     9   Next: 89%
Gold:   243        EV: 22    Int: 12    God:    Okawaru [**....] SH:  5 Dex: 32

rFire   + + +        b - +0 orcbow of Guilt {freeze, rElec rF+}
rCold   x x .        (shield currently unavailable)
rNeg    . . .        g - +0 ring mail
rPois   inf          (no helmet)
rElec   +            (no cloak)
rCorr   .            (no gloves)
SInv    +            (boots unavailable)
Will    .....        k - amulet "Osodaj" {Reflect Str+3 Int+3 SH+5 SInv}
Stlth   ++           c - +5 ring of evasion
HPRegen 0.30/turn    j - +6 ring of dexterity
MPRegen 0.00/turn

%: reflection, infuse magic (-8 HP)
@: marked, flying
A: sickness immunity, fire resistance 2, cold vulnerability 2, float, innate
caster, HP casting, extra vitality 1, agile 1, MP-powered wands
a: Renounce Religion, Heroism


You were on level 9 of the Dungeon.
You worshipped Okawaru.
Okawaru was pleased with you.
You visited 2 branches of the dungeon, and saw 8 of its levels.

You collected 338 gold pieces.
You spent 95 gold pieces at shops.


Innate Abilities, Weirdness & Mutations

You are immune to sickness and miasma.
You are immune to poison.
Your flesh is very heat resistant. (rF++)
You are very vulnerable to cold. (rC--)
You float through the air rather than walking.
You learn spells naturally, not from books.
Your magical power is your life essence.
You have superior vitality. (+4 MHP)
You are agile. (Dex +4, Str/Int -1)
You expend health (3 HP) to strengthen your wands.


   Skills:
 + Level 5.4 Fighting
 - Level 8.0 Ranged Weapons
 - Level 2.0 Armour
 - Level 7.1 Dodging
 - Level 0.7 Stealth
 - Level 4.0 Invocations


You knew the following spells:

 Your Spells              Type           Power      Damage    Failure   Level
a - Sting                 Conj/Alch      0%         1d3       58%         1
b - Ensorcelled Hibernat  Hex/Ice        0%         N/A       73%         2
c - Dazzling Flash        Conj/Hex       0%         N/A       91%         3
d - Ignite Poison         Fire/Alch      0%         N/A       100%        4
Your spell library was empty.

Inventory:

Hand Weapons
 b - the +0 orcbow of Guilt (weapon) {freeze, rElec rF+}
   (You acquired it on level 3 of the Dungeon)

   rF+:       It protects you from fire.
   rElec:     It insulates you from electricity.
Armour
 g - a +0 ring mail (worn)
 q - the +0 robe of the Morning Star {rF+}
   (You found it on level 3 of the Dungeon)

   rF+:       It protects you from fire.
Jewellery
 c - a +5 ring of evasion (left hand)
 j - a +6 ring of dexterity (right hand)
 k - the amulet "Osodaj" (around neck) {Reflect Str+3 Int+3 SH+5 SInv}
   (You found it on level 3 of the Dungeon)

   [amulet of reflection]

   Reflect:   It reflects blocked missile attacks.
   Str+3:     It affects your strength (+3).
   Int+3:     It affects your intelligence (+3).
   SInv:      It lets you see invisible.
   SH+5:      It affects your SH (+5).
 l - a ring of protection from fire
Scrolls
 e - 2 scrolls of enchant armour
Potions
 f - a potion of cancellation
 h - a potion of might
 i - 2 potions of curing

Dungeon Overview and Level Annotations

Branches:
Dungeon (6/15)             Temple (1/1) D:4

Altars:
Cheibriados
Dithmenos
Elyvilon
Fedhas
Gozag
Hepliaklqana
Makhleb
Nemelex Xobeh
Okawaru
Qazlal
Ru
Trog
Uskayaw
Wu Jian
Xom
Yredelemnul
Zin

Shops:
D:2 ?   D:4 :=

Annotations:
D:3 1 runed translucent door, Crazy Yiuf
D:4 3 runed translucent doors, qw's ghost, novice DjHu
D:9 Harold


Message History

Harold zaps a wand.
The roots erupt in riotous growth!
The grasping roots grab you! The grasping roots constrict you!
You shoot an arrow.
The arrow hits Harold but does no damage.
Harold is almost dead.
You shoot an arrow.
The arrow hits Harold but does no damage.
Harold is almost dead.
A yak comes into view.
Harold hits you from afar with a +4 trident of venom.
The grasping roots constrict you.
You shoot an arrow.
The arrow hits Harold but does no damage.
Harold is almost dead.
You block Harold's attack. The grasping roots constrict you!
The grasping roots release their grip on you.
4223 ||| DRINKING potion of heal wounds.
You feel much better.
Harold zaps a wand.
The roots erupt in riotous growth!
The grasping roots grab you! The grasping roots constrict you!
You shoot an arrow.
The arrow hits the yak but does no damage.
You block Harold's attack. The grasping roots constrict you. The yak gores you!
You shoot an arrow.
The arrow hits the yak but does no damage.
Harold closely misses you. The grasping roots constrict you. The yak gores you.
You shoot an arrow. The arrow barely misses the yak.
The arrow hits the yak!
The arrow freezes the yak.
The yak is moderately wounded.
A two-headed ogre comes into view. It is wielding two +0 giant clubs.
You block Harold's attack. The grasping roots constrict you!
The yak completely misses you.
The grasping roots release their grip on you.
You shoot an arrow. The arrow barely misses the yak. x2
You feel like a meek peon again.
Harold hits you from afar with a +4 trident of venom!
You die...
Harold says, "Time to retire."

.. #. ..
#. #. #.
...#.#Y###
..O...YY@#
.....#@###
)#. #@ ..
... ....
...#.
#....z


You could see Harold, a two-headed ogre and 3 yaks.

Vanquished Creatures
  Pikel (D:4)
  5 yaks (D:5)
  A water moccasin (D:5)
  Duvessa (D:4)
  A sky beast (D:5)
  A black bear (D:5)
  2 ogres (D:4)
  2 centaurs (D:5)
  A lemure (D:4)
  A scorpion (D:5)
  4 wights (D:5)
  Dowan (D:4)
  A hound (D:4)
  A gnoll bouda (D:5)
  3 iguanas (D:5)
  Terence (D:2)
  5 adders
  9 gnolls
  A shadow imp (D:5)
  A white imp (D:5)
  2 dart slugs
  2 ribbon worms
  10 orcs
  7 ball pythons
  6 endoplasms
  5 goblins
  4 hobgoblins
  6 jackals
  2 kobolds
  7 quokkas
  2 bats
  3 frilled lizards
  4 rats
103 creatures vanquished.

Notes
Turn   | Place    | Note
-------+----------+-------------------------------------------
     0 | D:1      | qw the Djinni Hunter began the quest for the Orb.
     0 | D:1      | Reached XP level 1. HP: 18/18 MP: 0/0
     0 | D:1      | 0 ||| qw: Version: 0.3-a-136-gdd3b4e8
     0 | D:1      | 0 ||| qw: Game counter: 1307
     0 | D:1      | 0 ||| qw: Melee chars always use a shield: true
     0 | D:1      | 0 ||| qw: God list: Okawaru
     0 | D:1      | 0 ||| qw: Allow faded altars: false
     0 | D:1      | 0 ||| qw: Do Orc after clearing Dungeon:15 true
     0 | D:1      | 0 ||| qw: Do second Lair branch before Depths: true
     0 | D:1      | 0 ||| qw: Lair rune preference: random
     0 | D:1      | 0 ||| qw: Goals: Normal
     0 | D:1      | 0 ||| PLANNING D:1-11
   167 | D:1      | Reached XP level 2. HP: 23/23 MP: 0/0
   377 | D:1      | Reached skill level 4 in Ranged Weapons
   377 | D:1      | Reached XP level 3. HP: 26/28 MP: 0/0
   377 | D:1      | Learned a level 1 spell: Sting
   762 | D:1      | 762 ||| UPGRADING to +0 ring mail.
   772 | D:1      | 772 ||| DROPPING +0 leather armour.
   773 | D:1      | 773 ||| UPGRADING to amulet of reflection.
   778 | D:1      | 778 ||| READING 2 scrolls labelled IQE UTTUGODI.
   778 | D:1      | 778 ||| ENCHANTING +0 shortbow.
   779 | D:1      | 779 ||| READING scroll labelled JOLYKHL ATAERGH.
   880 | D:1      | 880 ||| DRINKING 2 inky potions.
   881 | D:1      | 881 ||| DROPPING scroll of butterflies.
   886 | D:2      | 886 ||| STAIRDANCE
   981 | D:2      | Found a faded altar of an unknown god.
  1034 | D:2      | Noticed Terence
  1050 | D:2      | HP: 3/29 [Terence/+0 trident (8)]
  1052 | D:2      | HP: 1/29 [Terence/+0 trident (3)]
  1053 | D:2      | Killed Terence
  1054 | D:2      | Reached XP level 4. HP: 2/34 MP: 0/0
  1238 | D:2      | HP: 8/34 [ribbon worm (7)]
  1243 | D:2      | HP: 6/34 [ribbon worm (4)]
  1458 | D:2      | Found Banofayd's Magic Scroll Boutique.
  1466 | D:2      | 1466 ||| BUYING scroll of enchant armour (75 gold).
  1466 | D:2      | Bought a scroll of enchant armour for 75 gold pieces
  1466 | D:2      | 1466 ||| SHOPLISTING scroll of enchant weapon (75 gold,
                  | have 39).
  1466 | D:2      | 1466 ||| BUYING scroll of identify (20 gold).
  1466 | D:2      | Bought a scroll of identify for 20 gold pieces
  1466 | D:2      | 1466 ||| SHOPLISTING scroll of identify (20 gold, have 19).
  1551 | D:2      | 1551 ||| UPGRADING to +5 ring of evasion.
  1552 | D:2      | 1552 ||| UPGRADING to +6 ring of dexterity.
  1553 | D:2      | 1553 ||| READING 3 scrolls of identify.
  1553 | D:2      | 1553 ||| IDENTIFYING pink potion
  1554 | D:2      | 1554 ||| DRINKING potion of mutation.
  1554 | D:2      | Gained mutation: You are very vulnerable to cold. (rC--)
                  | [potion of mutation]
  1554 | D:2      | Gained mutation: You are agile. (Dex +4, Str/Int -1)
                  | [potion of mutation]
  1554 | D:2      | Gained mutation: You expend health (3 HP) to strengthen
                  | your wands. [potion of mutation]
  1555 | D:2      | 1555 ||| READING 2 scrolls of identify.
  1555 | D:2      | 1555 ||| IDENTIFYING grey potion
  1556 | D:2      | 1556 ||| DROPPING potion of attraction.
  1586 | D:3      | Found a basalt altar of Yredelemnul.
  1615 | D:3      | Identified the amulet "Osodaj" {Reflect Str+3 Int+3 SH+5
                  | SInv}
  1828 | D:3      | Found a runed translucent door.
  1829 | D:3      | Noticed Crazy Yiuf
  1886 | D:3      | Identified the +0 robe of the Morning Star {rF+}
  2034 | D:3      | 2034 ||| UPGRADING to amulet "Osodaj" {Reflect Str+3 Int+3
                  | SH+5 SInv}.
  2044 | D:3      | 2044 ||| DROPPING amulet of reflection.
  2045 | D:3      | 2045 ||| DROPPING ring of ice.
  2046 | D:3      | 2046 ||| READING scroll of identify.
  2046 | D:3      | 2046 ||| IDENTIFYING clear potion
  2047 | D:3      | 2047 ||| READING scroll labelled VATWINL TIGOPP.
  2048 | D:3      | 2048 ||| READING scroll labelled NOLAH KEHAD TAIV.
  2080 | D:3      | 2080 ||| READING scroll labelled WEDIANN BAROXT.
  2081 | D:3      | 2081 ||| READING scroll labelled OSIGOL PAANY.
  2081 | D:3      | Identified a scroll of acquirement
  2081 | D:3      | 2081 ||| ACQUIRING +0 orcbow of Guilt {freeze, rElec rF+}
  2081 | D:3      | Acquired the +0 orcbow of Guilt {freeze, rElec rF+}
  2083 | D:3      | 2083 ||| SWAPPING to +0 orcbow of Guilt {freeze, rElec
                  | rF+}.
  2084 | D:3      | 2084 ||| DROPPING +0 shortbow.
  2085 | D:3      | 2085 ||| DRINKING 3 golden potions.
  2137 | D:4      | Reached skill level 3 in Dodging
  2137 | D:4      | Reached XP level 5. HP: 37/39 MP: 0/0
  2137 | D:4      | Learned a level 2 spell: Ensorcelled Hibernation
  2183 | D:4      | Noticed an ogre
  2186 | D:4      | Killed an ogre
  2187 | D:4      | Reached XP level 6. HP: 47/47 MP: 0/0
  2202 | D:4      | Found Suni's Book Shop.
  2340 | D:4      | Noticed an ogre
  2344 | D:4      | Killed an ogre
  2375 | D:4      | Found a bloodstained altar of Trog.
  2389 | D:4      | Noticed Pikel
  2390 | D:4      | 2390 ||| RETREEEEATING.
  2394 | D:4      | 2394 ||| RETREEEEATING.
  2395 | D:4      | 2395 ||| RETREEEEATING.
  2401 | D:4      | Killed Pikel
  2402 | D:4      | Reached skill level 6 in Ranged Weapons
  2402 | D:4      | Reached XP level 7. HP: 39/52 MP: 0/0
  2402 | D:4      | Learned a level 3 spell: Dazzling Flash
  2402 | D:4      | Reached XP level 8. HP: 44/58 MP: 0/0
  2469 | D:4      | Found a sparkling altar of Nemelex Xobeh.
  2509 | D:4      | Noticed Dowan
  2510 | D:4      | Noticed Duvessa
  2512 | D:4      | 2512 ||| FLEEEEING.
  2513 | D:4      | 2513 ||| FLEEEEING.
  2514 | D:4      | 2514 ||| FLEEEEING.
  2515 | D:4      | 2515 ||| FLEEEEING.
  2516 | D:4      | 2516 ||| FLEEEEING.
  2518 | D:4      | 2518 ||| FLEEEEING.
  2528 | D:4      | Killed Duvessa
  2531 | D:4      | Killed Dowan
  2586 | D:4      | Found Sauq's Jewellery Boutique.
  2594 | D:4      | 2594 ||| SHOPLISTING +6 ring of dexterity (396 gold, have
                  | 131).
  2707 | D:4      | Found a staircase to the Ecumenical Temple.
  2708 | D:4      | 2708 ||| PLANNING TEMPLE
  2708 | D:4      | 2708 ||| READING 2 scrolls of identify.
  2708 | D:4      | 2708 ||| IDENTIFYING yellow potion
  2709 | D:4      | 2709 ||| READING scroll of identify.
  2709 | D:4      | 2709 ||| IDENTIFYING glowing coppery potion
  2710 | D:4      | 2710 ||| DROPPING potion of degeneration.
  2719 | Temple   | Entered the Ecumenical Temple
  2720 | Temple   | 2720 ||| PLANNING OKAWARU WORSHIP
  2744 | Temple   | Became a worshipper of Warmaster Okawaru
  2745 | Temple   | 2745 ||| PLANNING D:1-11
  2799 | D:4      | Found a runed translucent gate.
  2799 | D:4      | Found a runed translucent gate.
  2799 | D:4      | Found a runed translucent gate.
  2813 | D:4      | Noticed qw's ghost (novice DjHu)
  2963 | D:4      | 2963 ||| READING scroll of identify.
  2963 | D:4      | 2963 ||| IDENTIFYING scroll labelled HEOWIT QUOF
  2964 | D:4      | 2964 ||| DROPPING scroll of blinking.
  3006 | D:5      | Entered Level 5 of the Dungeon
  3008 | D:5      | 3008 ||| STAIRDANCE
  3288 | D:5      | Reached skill level 7 in Ranged Weapons
  3471 | D:5      | Noticed a yak
  3472 | D:5      | 3472 ||| DRINKING potion of haste.
  3476 | D:5      | Killed a yak
  3476 | D:5      | Reached * piety under Okawaru
  3477 | D:5      | Reached skill level 6 in Dodging
  3477 | D:5      | Reached XP level 9. HP: 65/65 MP: 0/0
  3477 | D:5      | Learned a level 4 spell: Ignite Poison
  3486 | D:5      | Reached skill level 1 in Invocations
  3491 | D:5      | Reached skill level 3 in Invocations
  3630 | D:5      | 3630 ||| RETREEEEATING.
  3631 | D:5      | 3631 ||| RETREEEEATING.
  3633 | D:5      | 3633 ||| RETREEEEATING.
  3634 | D:5      | 3634 ||| RETREEEEATING.
  3677 | D:5      | Reached skill level 8 in Ranged Weapons
  3770 | D:5      | Reached ** piety under Okawaru
  3931 | D:5      | 3931 ||| READING scroll of identify.
  3931 | D:5      | 3931 ||| IDENTIFYING dark potion
  3968 | D:6      | 3968 ||| STAIRDANCE
  4076 | D:6      | 4076 ||| STAIRDANCE
  4123 | D:6      | 4123 ||| STAIRDANCE
  4133 | D:6      | 4133 ||| STAIRDANCE
  4138 | D:6      | 4138 ||| STAIRDANCE
  4205 | D:6      | You are sucked into a shaft and drop 3 floors!
  4206 | D:9      | Noticed Harold
  4207 | D:9      | 4207 ||| RETREEEEATING.
  4209 | D:9      | 4209 ||| RETREEEEATING.
  4212 | D:9      | 4212 ||| INVOKING Heroism.
  4216 | D:9      | HP: 13/65 [constriction (8)]
  4217 | D:9      | 4217 ||| DRINKING 2 potions of heal wounds.
  4222 | D:9      | HP: 2/65 [constriction (15)]
  4223 | D:9      | 4223 ||| DRINKING potion of heal wounds.
  4226 | D:9      | Noticed a two-headed ogre
  4227 | D:9      | Mangled by Harold

Levels and vault maps discovered:
D:1:      roderic_octagonal_star, layout_basic
D:2:      layout_rooms, shapermc_ecumenical_altar_mp_urbaneastern, serial_shops,
          shop, minmay_stone_trees_small, uniq_terence
D:3:      layout_rooms, mainiacjoe_overflow_tiny_flanked,
          uniq_crazy_yiuf_cottage
D:4:      layout_basic, nemelex_xobeh_ov_fountains_minmay, bloody_trog,
          temple_fountains, serial_shops, shop, gammafunk_ghost_necromancy,
          minmay_shop_enchanted_jewellery, uniq_pikel, uniq_duvessa
D:5:      layout_cave_pods
D:6:      layout_loops_ring, amethyst_overflow_temple_binary
D:9:      minmay_distorted_concentric_squares, layout_basic,
          lemuel_crystal_altar, orc_0_dummy, uniq_harold
Temple:   regret_index_temple_sphere_string

Skill      XL: |  1  2  3  4  5  6  7  8  9 |
---------------+----------------------------+-----
Ranged Weapons | 4 6 7 8 |  8.0
Armour         | 2 |  2.0
Dodging        | 3 4 6 7 |  7.1
Fighting       | 4 5 |  5.4
Invocations    | 4 |  4.0
Stealth        | |  0.7

Action                     |  1- 3 |  4- 6 |  7- 9 || total
---------------------------+-------+-------+-------++-------
   Fire: Shortbow          |    64 |    73 |       ||   137
         Orcbow            |       |    43 |   157 ||   200
 Invoke: Heroism           |       |       |     1 ||     1
    Use: Scroll            |     2 |     7 |     4 ||    13
         Potion            |     1 |     2 |     3 ||     6
 Armour: Leather armour    |     5 |       |       ||     5
         Ring mail         |    12 |    22 |    33 ||    67
  Dodge: Dodged            |    19 |    25 |    84 ||   128
  Block: Other             |     2 |    13 |    22 ||    37
         Reflection        |       |     2 |     4 ||     6

Table legend:
 A = Non-vault XP
 B = Vault XP
 C = Vault XP percentage of total XP
 D = Non-vault monster count
 E = Vault monster count
 F = Vault count percentage of total count
                 A         B        C        D         E       F
            +---------+---------+-------+---------+---------+-------
      Total |    2833 |     876 |  23.6 |      98 |       4 |   3.9
            +---------+---------+-------+---------+---------+-------
        D:1 |      46 |       0 |   0.0 |      19 |       0 |   0.0
        D:2 |      21 |      36 |  63.2 |       9 |       1 |  10.0
        D:3 |      32 |       0 |   0.0 |      18 |       0 |   0.0
        D:4 |     351 |     840 |  70.5 |      17 |       3 |  15.0
        D:5 |    2380 |       0 |   0.0 |      34 |       0 |   0.0
        D:6 |       3 |       0 |   0.0 |       1 |       0 |   0.0
            +---------+---------+-------+---------+---------+-------
